 Dungeon Crawl Stone Soup version 0.26-a0-660-gc07710193c (webtiles) character file.

Game seed: 8496156574701560763

305 jiml777 the Grasshopper (level 6, -1/51 HPs)
             Began as a Gnoll Warper on Oct 7, 2020.
             Was an Initiate of Gozag.
             Slain by a mummy (11 damage)
             ... in an ossuary.
             The game lasted 00:12:19 (3478 turns).

jiml777 the Grasshopper (Gnoll Warper)              Turns: 3478, Time: 00:12:19

Health: -1/51      AC:  6    Str: 17 (19) XL:     6   Next: 39%
Magic:  14/14      EV:  9    Int: 16 (18) God:    Gozag
Gold:   572        SH:  8    Dex: 13 (14) Spells: 15/15 levels left

rFire    . . .     SeeInvis .   a - +0 spear
rCold    . . .     Faith    .   k - +0 kite shield
rNeg     . . .     Spirit   .   s - +0 scale mail
rPois    .         Reflect  .   (no helmet)
rElec    .         Harm     .   (no cloak)
rCorr    .         Rampage  .   (no gloves)
MR       .....                  (no boots)
Stlth    +.........             (no amulet)
HPRegen  0.17/turn              m - +6 ring of strength
MPRegen  0.14/turn              (no ring)

@: gold aura
A: distributed training, fangs 1, strong nose
a: Potion Petition, Call Merchant, Bribe Branch, Renounce Religion


You were in an ossuary.
You worshipped Gozag.
Gozag was pleased with you.
You visited 1 branch of the dungeon, and saw 6 of its levels.
You also visited: Ossuary.

You collected 597 gold pieces.
You paid 25 gold pieces to Gozag.

Inventory:

Hand Weapons
 a - a +0 spear (weapon)
Missiles
 c - 42 sling bullets
 e - 5 boomerangs of dispersal (quivered)
 f - 115 arrows
 r - 35 bolts
 t - 8 poisoned darts
 u - 5 datura-tipped darts
Armour
 b - a +0 leather armour
 k - a +0 kite shield (worn)
 l - a +0 ring mail
 s - a +0 scale mail (worn)
Jewellery
 m - a +6 ring of strength (left hand)
 o - an uncursed ring of see invisible {unknown}
Scrolls
 d - 3 scrolls of blinking
 i - 2 scrolls of teleportation
 q - a scroll of fog
Potions
 g - a potion of curing
 h - 2 potions of stabbing
 j - a potion of flight
 n - a potion of heal wounds {unknown}
 p - a potion of mutation {unknown}
 v - 2 potions of degeneration


   Skills:
 + Level 5.0 Fighting
 + Level 2.0 Short Blades
 + Level 2.0 Long Blades
 + Level 2.0 Axes
 + Level 2.0 Maces & Flails
 + Level 5.0 Polearms
 + Level 2.0 Staves
 + Level 2.0 Slings
 + Level 2.0 Bows
 + Level 2.0 Crossbows
 + Level 3.2 Throwing
 + Level 3.2 Armour
 + Level 5.0 Dodging
 + Level 2.0 Stealth
 + Level 2.0 Shields
 + Level 2.0 Unarmed Combat
 + Level 5.3 Spellcasting
 + Level 1.5 Conjurations
 + Level 1.5 Hexes
 + Level 1.5 Summonings
 + Level 1.5 Necromancy
 + Level 5.6 Translocations
 + Level 1.5 Transmutations
 + Level 1.5 Fire Magic
 + Level 1.5 Ice Magic
 + Level 1.5 Air Magic
 + Level 1.5 Earth Magic
 + Level 1.5 Poison Magic
 + Level 2.1 Invocations
 + Level 2.0 Evocations


You had 15 spell levels left.
You didn't know any spells.
Your spell library contained the following spells:

 Spells                   Type           Power        Failure   Level
 Blink                    Tloc           N/A          36%         2
 Gell's Gravitas          Tloc           ###.......   58%         3
 Lesser Beckoning         Tloc           ###.......   58%         3
 Teleport Other           Tloc           ###.....     58%         3
 Passage of Golubria      Tloc           N/A          94%         4


Dungeon Overview and Level Annotations

Branches:
Dungeon (6/15)            Ossuary (1/1)
 Temple: D:4-7

Altars:
Elyvilon
Gozag

Annotations:
D:3 1 transporter, rogsnak's ghost, amateur GnWz


Innate Abilities, Weirdness & Mutations

Your experience applies equally to all skills.
You have very sharp teeth.
Your uncanny sense of smell can sniff out nearby items.


Message History

Your Long Blades skill increases to level 2!
Your Axes skill increases to level 2!
Your Maces & Flails skill increases to level 2!
Your Staves skill increases to level 2!
Your Slings skill increases to level 2!
Your Bows skill increases to level 2!
Your Crossbows skill increases to level 2!
Your Stealth skill increases to level 2!
Your Shields skill increases to level 2!
Your Unarmed Combat skill increases to level 2!
Your Evocations skill increases to level 2!
The mummy hits you!
* * * LOW HITPOINT WARNING * * *
You hit the mummy.
The mummy is moderately damaged.
You block the hound zombie's attack.
You hit the mummy. You bite the mummy, but do no damage.
The mummy is moderately damaged.
The hound zombie closely misses you. The mummy hits you!
You die...
Your body crumbles into a pile of gold.

###################
.......∩MZ.........
$
.......@ZZZ........
.....#####.........
...................
........Z.Z........
...............##..
...............##
.......Z...........
...................
........Z..........


You could see a mummy, an adder zombie, a rat zombie, a hound zombie and a
goblin zombie.

Vanquished Creatures
  An ogre (D:4)
  A bullfrog (D:5)
  2 hound zombies (Ossuary)
  2 oozes
  5 worms
  3 dart slugs
  2 leopard geckos (D:4)
  4 orcs (D:3)
  A giant cockroach (D:1)
  2 gnoll zombies (Ossuary)
  7 goblins
  10 hobgoblins
  12 jackals
  A quokka (D:2)
  2 ball pythons
  4 bats
  9 frilled lizards
  A jackal skeleton (D:4)
  A jackal zombie (Ossuary)
  11 kobolds
  An orc zombie (Ossuary)
  7 rats
89 creatures vanquished.

Notes
Turn   | Place    | Note
-------+----------+-------------------------------------------
     0 | D:1      | jiml777 the Gnoll Warper began the quest for the Orb.
     0 | D:1      | Reached XP level 1. HP: 20/20 MP: 6/6
   211 | D:1      | Reached XP level 2. HP: 26/26 MP: 7/7
   763 | D:1      | Reached XP level 3. HP: 30/31 MP: 9/9
   767 | D:1      | Reached skill level 5 in Spellcasting
  1530 | D:2      | Found an opulent altar of Gozag.
  1545 | D:2      | Became a worshipper of Gozag Ym Sagoz the Greedy
  1564 | D:2      | Reached skill level 1 in Invocations
  1718 | D:2      | Reached skill level 1 in Short Blades
  1718 | D:2      | Reached skill level 1 in Long Blades
  1718 | D:2      | Reached skill level 1 in Axes
  1718 | D:2      | Reached skill level 1 in Maces & Flails
  1718 | D:2      | Reached skill level 1 in Staves
  1718 | D:2      | Reached skill level 1 in Slings
  1718 | D:2      | Reached skill level 1 in Bows
  1718 | D:2      | Reached skill level 1 in Crossbows
  1718 | D:2      | Reached skill level 1 in Stealth
  1718 | D:2      | Reached skill level 1 in Shields
  1718 | D:2      | Reached skill level 1 in Unarmed Combat
  1718 | D:2      | Reached skill level 1 in Evocations
  1790 | D:2      | Found a white marble altar of Elyvilon.
  1833 | D:2      | Reached XP level 4. HP: 38/38 MP: 11/11
  2476 | D:3      | Found a transporter.
  2479 | D:3      | Noticed an ogre
  2479 | D:3      | Noticed rogsnak's ghost (amateur GnWz)
  2483 | D:3      | Noticed an ogre
  2598 | D:3      | Reached skill level 1 in Conjurations
  2598 | D:3      | Reached skill level 1 in Hexes
  2598 | D:3      | Reached skill level 1 in Summonings
  2598 | D:3      | Reached skill level 1 in Necromancy
  2598 | D:3      | Reached skill level 1 in Transmutations
  2598 | D:3      | Reached skill level 1 in Fire Magic
  2598 | D:3      | Reached skill level 1 in Ice Magic
  2598 | D:3      | Reached skill level 1 in Air Magic
  2598 | D:3      | Reached skill level 1 in Earth Magic
  2598 | D:3      | Reached skill level 1 in Poison Magic
  2815 | D:3      | Noticed an ogre
  3007 | D:3      | You fall into a shaft and drop 3 floors!
  3066 | D:6      | Noticed a bullfrog
  3083 | D:5      | Entered Level 5 of the Dungeon
  3089 | D:5      | Killed a bullfrog
  3089 | D:5      | Reached XP level 5. HP: 26/43 MP: 12/12
  3255 | D:4      | Noticed an ogre
  3334 | D:4      | Killed an ogre
  3334 | D:4      | Reached XP level 6. HP: 10/50 MP: 14/14
  3422 | D:4      | Found a sand-covered staircase.
  3433 | Ossuary  | Entered an ossuary
  3466 | Ossuary  | Reached skill level 5 in Fighting
  3466 | Ossuary  | Reached skill level 5 in Polearms
  3466 | Ossuary  | Reached skill level 5 in Dodging
  3478 | Ossuary  | Slain by a mummy

Illustrated notes

Levels and vault maps discovered:
D:1:      dpeg_arrival_lava_temple_mockup, layout_basic, minmay_tromino_v7
D:2:      layout_basic, elyvilon_altar_4, st_stairs_10, grunt_gozag_breadcrumbs
D:3:      layout_basic, gammafunk_ghost_smash
D:4:      layout_loops_ring, minitemple, minmay_temple_entry_antechambers,
          enter_ossuary_4, portal_sewer_entry_b, hangedman_decor_push
D:5:      layout_basic, nicolae_overflow_hidden_temple, kiku_gazebo_pond_becter
D:6:      layout_basic, serial_bayou, serial_bayou_pond_e, serial_bayou_pond_d,
          serial_bayou_shore_b, serial_bayou_ford_a, nicolae_underground_beach
Ossuary:  ossuary_minmay_tomb_2a

Skill      XL: |  1  2  3  4  5  6 |
---------------+-------------------+-----
Spellcasting   | 5 |  5.3
Invocations    | 1 2 |  2.1
Short Blades   | 1 2 |  2.0
Long Blades    | 1 2 |  2.0
Axes           | 1 2 |  2.0
Maces & Flails | 1 2 |  2.0
Staves         | 1 2 |  2.0
Slings         | 1 2 |  2.0
Bows           | 1 2 |  2.0
Crossbows      | 1 2 |  2.0
Stealth        | 1 2 |  2.0
Shields        | 1 2 |  2.0
Unarmed Combat | 1 2 |  2.0
Evocations     | 1 2 |  2.0
Conjurations   | 1 |  1.5
Hexes          | 1 |  1.5
Summonings     | 1 |  1.5
Necromancy     | 1 |  1.5
Transmutations | 1 |  1.5
Fire Magic     | 1 |  1.5
Ice Magic      | 1 |  1.5
Air Magic      | 1 |  1.5
Earth Magic    | 1 |  1.5
Poison Magic   | 1 |  1.5
Throwing       | 3 |  3.2
Armour         | 3 |  3.2
Fighting       | 5 |  5.0
Polearms       | 5 |  5.0
Dodging        | 5 |  5.0
Translocations | |  5.6

Action                   |  1- 3 |  4- 6 || total
-------------------------+-------+-------++-------
Melee: Spear             |   166 |   209 ||   375
       Bite              |    14 |    37 ||    51
  Use: Scroll            |     6 |     3 ||     9
       Potion            |       |     1 ||     1
 Stab: Sleeping          |     2 |       ||     2
Armor: Leather armour    |    14 |       ||    14
       Ring mail         |    22 |     4 ||    26
       Scale mail        |       |    66 ||    66
Dodge: Dodged            |    67 |    87 ||   154
Block: Kite shield       |    40 |    66 ||   106

Table legend: (Time is in decaauts)
 A = Elapsed time spent in this place.
 B = Non-inter-level travel time spent in this place.
 C = Inter-level travel time spent in this place.
 D = Time resting spent in this place.
 E = Time spent auto-exploring this place.
 F = Levels seen in this place.
 G = Mean time per level.
                   A        B        C        D        E       F      G
               +--------+--------+--------+--------+--------+-----+--------+
         Total |   3459 |   3408 |     51 |    499 |   1476 |   7 |  494.1 |
       Dungeon |   3416 |   3365 |     51 |    499 |   1476 |   6 |  569.3 |
       Ossuary |     42 |     42 |      0 |      0 |      0 |   1 |   42.0 |
               +--------+--------+--------+--------+--------+-----+--------+

Top non-repeatable levels by time:
     D:1: 1258 daAuts
     D:2: 1065 daAuts
     D:3: 667 daAuts
     D:4: 206 daAuts
     D:5: 141 daAuts
     D:6: 77 daAuts
 Ossuary: 42 daAuts
